 Dungeon Crawl Stone Soup version 0.27.1-3-gb3d3a73c9e (webtiles) character file.

Game seed: 9596020087140849232

1320 belegose the Sneak (level 8, -1/62 (74) HPs)
             Began as a Naga Abyssal Knight on Oct 28, 2021.
             Was a Believer of Lugonu.
             Slain by a wight (5 damage)
             ... on level 6 of the Dungeon.
             The game lasted 00:17:51 (9429 turns).

belegose the Sneak (Naga Abyssal Knight)            Turns: 9429, Time: 00:17:52

HP:   -1/62 (74)    AC:  7    Str: 14    XL:     8   Next: 59%
MP:   0/11          EV:  8    Int: 15    God:    Lugonu [**....]
Gold: 162           SH:  0    Dex: 11    Spells: 7/7 levels left

rFire    . . .     SeeInvis +   a - +1 mace
rCold    . . .     Faith    .   (no shield)
rNeg     . . .     Spirit   +   s - +0 ring mail
rPois    +         Reflect  .   f - +0 helmet
rElec    .         Harm     .   r - +0 cloak
rCorr    .         Rampage  .   (no gloves)
Will     +....                  (no barding)
Stlth    ++........             D - amulet of guardian spirit
HPRegen  0.20/turn              t - ring of wizardry
MPRegen  0.12/turn              (no ring)

@: heavily drained, very slow
A: AC +2, large, see invisible, deformed body, poison resistance, slowness 2,
spit poison 1, naga tail 1
a: Spit Poison, Renounce Religion, Depart the Abyss, Bend Space


You were on level 6 of the Dungeon.
You worshipped Lugonu.
Lugonu was pleased with you.
You visited 1 branch of the dungeon, and saw 6 of its levels.
You visited the Abyss 1 time.

You collected 162 gold pieces.

Inventory:

Hand Weapons
 a - a +1 mace (weapon)
 b - a +0 short sword of venom
 k - a +0 hunting sling
Missiles
 d - 51 bolts
 e - 182 stones
 g - 5 poisoned darts
 i - 5 boomerangs (quivered)
Armour
 f - a +0 helmet (worn)
 r - a +0 cloak (worn)
 s - a +0 ring mail (worn)
Magical Staves
 l - a staff of poison
 m - a staff of fire
Jewellery
 o - a +4 ring of protection
 t - a ring of wizardry (left hand)
 D - an amulet of guardian spirit (around neck)
Scrolls
 c - 4 scrolls of identify
 h - 2 scrolls of teleportation
 j - 2 scrolls of brand weapon {unknown}
 n - a scroll of immolation {unknown}
 p - 2 scrolls of enchant weapon {unknown}
 q - a scroll of summoning {unknown}
 w - a scroll of enchant armour {unknown}
 y - a scroll of holy word {unknown}
 z - a scroll of fog {unknown}
 A - 2 scrolls of amnesia {unknown}
 C - a scroll of blinking {unknown}
Potions
 u - a potion of haste
 v - a potion of curing
Miscellaneous
 x - a piece from Xom's chessboard (14/15)


   Skills:
 + Level 5.3 Fighting
 + Level 3.2 Short Blades
 - Level 2.6(2.7) Maces & Flails
 - Level 0.8(1.9) Staves
 + Level 3.3 Throwing
 - Level 1.5 Armour
 - Level 0.7 Dodging
 + Level 6.2 Stealth
 - Level 0.7 Poison Magic
 + Level 4.8 Invocations
 + Level 3.6 Evocations


You had 7 spell levels left.
You didn't know any spells.
Your spell library contained the following spells:

 Spells                   Type           Power      Damage    Failure   Level
 Ensorcelled Hibernation  Hex/Ice        0%         N/A       32%         2
 Spider Form              Tmut/Pois      0%         N/A       47%         3
 Shadow Creatures         Summ           N/A        N/A       100%        6


Dungeon Overview and Level Annotations

Branches:
Dungeon (6/15)
 Temple: D:4-7

Altars:
Hepliaklqana
Sif Muna
Xom
Zin


Innate Abilities, Weirdness & Mutations

Your serpentine skin is tough. (AC +2)
You have supernaturally acute eyesight. (SInv)
Armour fits poorly on your strangely shaped body.
Your system is resistant to poisons. (rPois)
You cover ground very slowly.
You can spit poison.
You have a snake-like lower body.


Message History

You hit the wight but do no damage.
The wight is almost destroyed.
You make a move on Xom's chessboard...
The wight resists with significant effort.
The wight hits you with a +3 battleaxe!
You feel drained.
Unknown command.
You hit the wight.
The wight is lightly damaged.
The wight hits you with a +3 battleaxe.
You feel drained.
You hit the wight but do no damage.
The wight is lightly damaged.
The wight hits you with a +3 battleaxe!!
You feel drained.
You hit the wight.
The wight is moderately damaged.
The wight hits you with a +3 battleaxe.
* * * LOW HITPOINT WARNING * * *
You feel drained.
* * * LOW HITPOINT WARNING * * *
Unknown command.
Press: ? - help, Shift-Dir - straight line, f - wight, p - wight
Aim: a wight, wielding a +3 battleaxe and wearing a +0 robe (moderately damaged, chance to affect: 83%)
The wight is devoured by a tear in reality.
Lugonu claims a new guest.
You can no longer banish your foes.
Unknown command.
Unknown command.
Unknown command.
You barely miss the wight.
The wight is almost destroyed.
The wight hits you with a +0 rapier!
* * * LOW HITPOINT WARNING * * *
Unknown command.
Okay, then.
You closely miss the wight.
The wight is almost destroyed.
The wight barely misses you.
You closely miss the wight.
The wight is almost destroyed.
The wight hits you with a +0 rapier.
You die...

###### #....#
#.##.# #@# ...
#z# ....# #.#
...z#
#.......>..
..........#.#
###..........#
##+####.#..#...
#....##.#.). ..
#....##.####. .


You could see a wight.

Vanquished Creatures
  A black bear (D:5)
  A necrophage (D:5)
  2 ice beasts (D:5)
  A centaur (D:6)
  A kobold brigand (D:3)
  3 scorpions
  A water moccasin zombie (D:6)
  A howler monkey (D:4)
  A wight (D:6)
  A centaur zombie (D:5)
  A gnoll shaman (D:5)
  A jelly (D:5)
  A hound (D:6)
  An orc priest (D:4)
  2 bullfrog skeletons
  An iguana (D:5)
  An orc wizard (D:4)
  A hound skeleton (D:4)
  Robin (D:2)
  2 gnolls (D:5)
  5 adders
  A white imp (D:3)
  2 worms (D:3)
  3 dart slugs
  12 orcs
  8 ball pythons
  9 endoplasms
  3 giant cockroaches
  11 goblins
  9 hobgoblins
  6 jackals
  3 quokkas
  6 bats
  6 frilled lizards
  3 kobolds
  4 rats
116 creatures vanquished.

Vanquished Creatures (others)
  5 plants (D:3)
5 creatures vanquished.

Grand Total: 121 creatures vanquished

Notes
Turn   | Place    | Note
-------+----------+-------------------------------------------
     0 | Abyss:1  | belegose the Naga Abyssal Knight began the quest for the
                  | Orb.
     0 | Abyss:1  | Reached XP level 1. HP: 21/21 MP: 2/2
     3 | Abyss:1  | Found a corrupted altar of Lugonu.
    30 | Abyss:1  | Found a corrupted altar of Lugonu.
    31 | Abyss:1  | Noticed a large abomination
    32 | Abyss:1  | Noticed a large abomination
    33 | D:1      | Escaped the Abyss
   282 | D:1      | Reached XP level 2. HP: 27/28 MP: 3/3
   306 | D:1      | Reached skill level 1 in Stealth
   534 | D:1      | Reached * piety under Lugonu
  1000 | D:1      | Reached XP level 3. HP: 30/34 MP: 4/4
  1035 | D:1      | Found a faded altar of an unknown god.
  1568 | D:2      | Noticed Robin
  2098 | D:2      | Reached skill level 1 in Throwing
  2213 | D:2      | Killed Robin
  2214 | D:2      | Reached skill level 2 in Stealth
  2555 | D:2      | Reached XP level 4. HP: 42/42 MP: 5/5
  3871 | D:3      | Reached ** piety under Lugonu
  4503 | D:3      | Reached skill level 1 in Evocations
  4895 | D:3      | Reached XP level 5. HP: 25/49 MP: 7/7
  5559 | D:4      | Noticed a kobold brigand
  5576 | D:3      | Killed a kobold brigand
  5577 | D:3      | Reached skill level 3 in Stealth
  5896 | D:3      | Reached XP level 6. HP: 33/57 MP: 8/8
  6211 | D:3      | Reached skill level 1 in Short Blades
  6675 | D:4      | Found a glowing silver altar of Zin.
  6681 | D:4      | Reached skill level 4 in Stealth
  6681 | D:4      | Reached XP level 7. HP: 64/64 MP: 9/9
  6848 | D:4      | Found a shimmering altar of Xom.
  6950 | D:5      | Entered Level 5 of the Dungeon
  7867 | D:5      | Reached skill level 5 in Stealth
  8263 | D:5      | Reached XP level 8. HP: 30/73 MP: 11/11
  8694 | D:5      | Reached skill level 5 in Fighting
  9137 | D:6      | Reached *** piety under Lugonu
  9178 | D:6      | Found a hazy altar of Hepliaklqana.
  9178 | D:6      | Found a shimmering blue altar of Sif Muna.
  9192 | D:6      | Reached skill level 6 in Stealth
  9427 | D:6      | HP: 3/62 [wight (10)]
  9429 | D:6      | Slain by a wight

Illustrated notes

Levels and vault maps discovered:
D:1:      dpeg_arrival_snail, layout_basic, serial_rivers,
          chequers_serial_rivers_small_b, chequers_serial_rivers_micro_a,
          chequers_serial_rivers_large_b, chequers_serial_rivers_micro_e,
          chequers_serial_rivers_small_b, chequers_serial_rivers_room_b,
          dilly_ecumenical_altar_fadedgnrine, minmay_misc_feat_hallway
D:2:      layout_basic, uniq_robin
D:3:      layout_basic, chequers_big_river, fountainhead,
          kennysheep_pointless_box
D:4:      layout_rooms, kennysheep_mini, xom_butterflies, serial_glass,
          glass_columns_b, glass_columns_a
D:5:      layout_basic
D:6:      layout_basic, gammafunk_temple_overflow_pools, temple_doors_e

Skill      XL: |  1  2  3  4  5  6  7  8 |
---------------+-------------------------+-----
Stealth        | 1 2 3 4 5 6 |  6.2
Throwing       | 1 2 3 |  3.3
Evocations     | 1 2 3 |  3.6
Invocations    | 3 4 |  4.8
Fighting       | 4 5 |  5.3
Short Blades   | 1 2 3 |  3.2
Maces & Flails | |  2.6
Staves         | |  0.8
Armour         | |  1.5
Dodging        | |  0.7
Poison Magic   | |  0.7

Action                   |  1- 3 |  4- 6 |  7- 9 || total
-------------------------+-------+-------+-------++-------
Melee: Mace              |    68 |    55 |    93 ||   216
       Staff             |    21 |   160 |       ||   181
       Short sword       |       |    62 |    47 ||   109
Throw: Boomerang         |     2 |       |    15 ||    17
       Dart              |       |     4 |    14 ||    18
Invok: Depart the Abyss  |     1 |       |       ||     1
       Bend Space        |       |       |     1 ||     1
       Banish            |       |       |     1 ||     1
 Abil: Spit Poison       |    10 |    14 |     5 ||    29
Evoke: Piece from Xom's  |       |       |     1 ||     1
  Use: Potion            |     2 |     3 |     2 ||     7
       Scroll            |       |       |     2 ||     2
 Stab: Invisible         |     1 |       |       ||     1
       Sleeping          |       |     1 |     5 ||     6
Armor: Leather armour    |    22 |    24 |       ||    46
       Scale mail        |       |    57 |       ||    57
       Ring mail         |       |    45 |   108 ||   153
Dodge: Dodged            |    37 |   148 |    86 ||   271
